 Dungeon Crawl Stone Soup version 0.26-a0-146-g24f6d3962c (webtiles) character file.

Game seed: 16449052358295415556

1308 Flugslaktarn the Chiller (level 8, -5/41 HPs)
             Began as a Vine Stalker Ice Elementalist on June 29, 2020.
             Killed by divine providence
             ... invoked by an orc priest
              (8 damage)
             ... on level 7 of the Dungeon.
             The game lasted 00:15:15 (2371 turns).

Flugslaktarn the Chiller (VSIE)                     Turns: 2371, Time: 00:15:15

Health: -5/41      AC: 10    Str: 11    XL:     8   Next: 58%
Magic:  0/15       EV: 15    Int: 17    God:
Gold:   207        SH:  0    Dex: 21    Spells: 7/15 levels left

rFire    . . .     SeeInvis .   r - +4 falchion (venom)
rCold    . . .     Faith    .   (no shield)
rNeg     . . .     Spirit   +   w - +0 leather armour
rPois    .         Reflect  .   x - +2 hat
rElec    .         Harm     .   y - +0 cloak
rCorr    .                      (no gloves)
MR       +....                  (no boots)
Stlth    ++........             (no amulet)
HPRegen  0.53/turn              g - +4 ring of protection
MPRegen  0.14/turn              o - +6 ring of dexterity

@: lethally poisoned (-5 -> -5), very slightly contaminated
A: fangs 3, regeneration 1, magic shield, antimagic bite, no potion heal 3, rot
immunity
a: no special abilities


You were on level 7 of the Dungeon.
You were very full.

You visited 1 branch of the dungeon, and saw 7 of its levels.

You collected 207 gold pieces.

Inventory:

Hand Weapons
 b - a +0 club
   (You took it off a hobgoblin on level 1 of the Dungeon)
 r - a +4 falchion of venom (weapon)
   (You took it off an orc on level 5 of the Dungeon)
 z - a +2 quarterstaff of chaos
   (You took it off Crazy Yiuf on level 6 of the Dungeon)
Missiles
 j - 61 arrows
 n - 7 datura-tipped darts (quivered)
Armour
 a - a +0 robe
 w - a +0 leather armour (worn)
   (You took it off an orc on level 6 of the Dungeon)
 x - a +2 hat (worn)
   (You found it on level 6 of the Dungeon)
 y - a +0 cloak (worn)
   (You took it off Crazy Yiuf on level 6 of the Dungeon)
Jewellery
 g - a +4 ring of protection (left hand)
   (You found it on level 5 of the Dungeon)
 i - an uncursed ring of stealth
   (You found it on level 2 of the Dungeon)
 o - a +6 ring of dexterity (right hand)
   (You found it on level 3 of the Dungeon)
 D - an uncursed ring of see invisible {unknown}
   (You found it on level 7 of the Dungeon)
Scrolls
 d - 7 scrolls of remove curse
 e - 2 scrolls of immolation
 l - a scroll of blinking
 p - a scroll of random uselessness
 q - 2 scrolls of teleportation
 s - 2 scrolls of magic mapping {unknown}
 t - a scroll of fear {unknown}
 E - a scroll of identify
Potions
 f - a potion of mutation
 h - 4 potions of curing
 k - 2 potions of invisibility
 m - a potion of stabbing
 u - a potion of ambrosia {unknown}
 v - a potion of heal wounds {unknown}
 A - a potion of flight {unknown}
 B - a potion of haste {unknown}
 C - a potion of degeneration {unknown}
Comestibles
 c - 5 rations


   Skills:
 + Level 3.6 Fighting
 + Level 4.9 Dodging
 - Level 2.4 Stealth
 - Level 4.0 Spellcasting
 + Level 2.8 Summonings
 + Level 6.9 Ice Magic


You had 7 spell levels left.
You knew the following spells:

 Your Spells              Type           Power        Failure   Level  Hunger
a - Freeze                Ice            ####         1%          1    None
b - Frozen Ramparts       Ice            ####..       3%          3    ###....
c - Summon Ice Beast      Ice/Summ       ###.....     28%         4    ####...

Your spell library contained the following spells:

 Spells                   Type           Power        Failure   Level  Hunger
 Ozocubu's Armour         Chrm/Ice       ###.....     16%         3    ###....
 Hailstorm                Conj/Ice       ###.....     45%         4    ####...


Dungeon Overview and Level Annotations

Branches:
Dungeon (7/15)
 Temple: D:4-7

Altars:
Trog


Innate Abilities, Weirdness & Mutations

You have razor-sharp teeth.
Your natural rate of healing is unusually fast.
When hurt, damage is shared between your health and your magic reserves.
Your bite disrupts and absorbs the magic of your enemies.
Potions cannot restore your health.
You are immune to rotting.


Message History

The spell is quite dangerous to cast (28% risk of failure)!
Continue anyway?
You miscast Summon Ice Beast.
You are very lightly contaminated with residual magic.
Distant voices call out in your mind.
A nameless horror comes into view.
The frozen ramparts melt away.
You feel sick. The orc priest closely misses you.
An orc warrior comes into view. It is wielding a +0 hand axe.
The orc warrior shouts!
Casting: Summon Ice Beast (quite dangerous; 28% risk of failure)
Confirm with . or Enter, or press ? or * to list all spells.
Aiming: Freeze (safe; 1% risk of failure)
Press: ? - help, Shift-Dir - straight line, f - orc wizard
Aim: an orc wizard, wielding a +0 dagger and wearing a +0 robe
Okay, then.
You hit the orc priest.
The orc priest is poisoned.
You bite the orc priest. You drain its power.
You feel invigorated.
The orc priest is heavily wounded.
The orc priest hits you with a +0 trident.
You hit the orc priest. You bite the orc priest. You drain its power.
You feel invigorated.
The orc priest is severely wounded.
You feel sick.
The orc priest hits you with a +0 trident.
The nameless horror closely misses you.
You riposte.
You hit the nameless horror.
You bite the nameless horror, but do no damage.
The nameless horror is lightly damaged.
The orc warrior hits you but does no damage.
Unknown command.
The orc priest closely misses you.
The nameless horror hits you but does no damage.
The orc warrior throws a boomerang.
The boomerang hits you!
* * * LOW HITPOINT WARNING * * *
The weapon returns to the orc warrior!
The orc wizard casts a spell at you. The magic dart hits you.
* * * LOW HITPOINT WARNING * * *
The orc warrior throws a boomerang.
The boomerang misses you.
The weapon returns to the orc warrior!
The orc priest invokes the aid of Beogh against you.
Pain shoots through your body!
* * * LOW HITPOINT WARNING * * *
The orc warrior throws a boomerang.
The boomerang hits you!
* * * LOW HITPOINT WARNING * * *
The weapon returns to the orc warrior!
You feel sick.
The orc priest invokes the aid of Beogh against you.
Beogh smites you!
You die...

#.....# ##+#.....####
##############.#........#...
#..............+........#...
#..............#........#...
#.....o..$.....#........#...
#.oo# #........#...
##...####+#........#...
#.....@...#........#'##
#...X.....#............
+.........+............
#....####'#†...........
##...#.................
#...#.................
#...#.....########....
....#.....# #....
#....#.....# #....


You could see a nameless horror, an orc warrior and an orc priest (poisoned).

Vanquished Creatures
  An orc warrior (D:6)
  A phantom (D:5)
  2 ogres
  2 centaurs
  2 bullfrogs
  A scorpion (D:4)
  2 crimson imps (D:5)
  A bullfrog zombie (D:5)
  A hound (D:7)
  Crazy Yiuf (D:6)
  A centaur skeleton (D:7)
  2 jellies (D:6)
  2 orc priests
  2 orc wizards (D:6)
  3 worker ants
  2 hound skeletons
  A howler monkey zombie (D:5)
  9 adders
  3 dart slugs
  10 orcs
  6 bats
  3 giant cockroaches
  4 goblins
  9 hobgoblins
  4 jackals (D:3)
  2 quokkas
  A ball python (D:1)
  7 frilled lizards
  A quokka zombie (D:5)
  8 rats
94 creatures vanquished.

Notes
Turn   | Place    | Note
-------+----------+-------------------------------------------
     0 | D:1      | Flugslaktarn the Vine Stalker Ice Elementalist began the
                  | quest for the Orb.
     0 | D:1      | Reached XP level 1. HP: 9/9 MP: 4/4
   148 | D:1      | Reached XP level 2. HP: 7/13 MP: 3/6
   427 | D:2      | Reached XP level 3. HP: 7/16 MP: 1/8
   432 | D:2      | Learned a level 3 spell: Frozen Ramparts
   742 | D:3      | Gained mutation: Your natural rate of healing is unusually
                  | fast. [Vine Stalker growth]
   742 | D:3      | Reached XP level 4. HP: 7/21 MP: 0/10
   838 | D:4      | Noticed a phantom
   895 | D:3      | Reached skill level 5 in Ice Magic
  1028 | D:4      | Reached XP level 5. HP: 23/24 MP: 5/12
  1110 | D:4      | Noticed an ogre
  1128 | D:4      | Killed an ogre
  1128 | D:4      | Reached skill level 6 in Ice Magic
  1128 | D:4      | Reached skill level 1 in Fighting
  1128 | D:4      | Reached XP level 6. HP: 30/30 MP: 5/13
  1180 | D:5      | Entered Level 5 of the Dungeon
  1436 | D:5      | Noticed a phantom
  1538 | D:5      | Reached XP level 7. HP: 35/35 MP: 14/14
  1620 | D:5      | Learned a level 4 spell: Summon Ice Beast
  1776 | D:6      | Reached skill level 1 in Summonings
  1799 | D:6      | Gained mutation: You have razor-sharp teeth. [Vine Stalker
                  | growth]
  1799 | D:6      | Reached XP level 8. HP: 36/39 MP: 13/15
  1954 | D:6      | Found a runed translucent door.
  1955 | D:6      | Noticed Crazy Yiuf
  1962 | D:6      | Killed Crazy Yiuf
  2238 | D:7      | Found a bloodstained altar of Trog.
  2364 | D:7      | Noticed a nameless horror
  2371 | D:7      | Killed from afar by an orc priest

Illustrated notes

Levels and vault maps discovered:
D:1:      ebering_hopf_link, layout_basic
D:2:      layout_basic, cheibriados_altar_1
D:3:      layout_basic
D:4:      layout_basic
D:5:      layout_loops_ring, marbit_many_paths, first_ration, uniq_ijyb
D:6:      layout_basic, serial_corexii_hall, corexii_hall_statues_t,
          corexii_hall_statues_l, uniq_crazy_yiuf_cottage
D:7:      layout_gridville, bloody_trog, minmay_temple_entry_poolview

Skill      XL: |  1  2  3  4  5  6  7  8 |
---------------+-------------------------+-----
Spellcasting   | 3 4 |  4.0
Ice Magic      | 5 6 |  6.9
Fighting       | 1 2 3 |  3.6
Dodging        | 3 4 |  4.9
Summonings     | 1 2 |  2.8
Stealth        | |  2.4

Action                   |  1- 3 |  4- 6 |  7- 9 || total
-------------------------+-------+-------+-------++-------
Melee: Unarmed           |     4 |       |       ||     4
       Bite              |     3 |    13 |    26 ||    42
       Club              |     9 |    43 |       ||    52
       Falchion          |       |     4 |    51 ||    55
Throw: Dart              |     1 |       |       ||     1
 Cast: Freeze            |    37 |    20 |    10 ||    67
       Frozen Ramparts   |     4 |    11 |     8 ||    23
  Use: Scroll            |       |     9 |       ||     9
 Stab: Sleeping          |     3 |     5 |     2 ||    10
  Eat: Chunk             |       |     2 |       ||     2
       Ration            |       |     3 |     1 ||     4
Armor: Robe              |     7 |    15 |    11 ||    33
       Leather armour    |       |       |    26 ||    26
Dodge: Dodged            |    27 |    47 |    83 ||   157
       Rpst.: Falchion   |       |       |    28 ||    28

Table legend:
 A = Non-vault XP
 B = Vault XP
 C = Vault XP percentage of total XP
 D = Non-vault monster count
 E = Vault monster count
 F = Vault count percentage of total count
                 A         B        C        D         E       F
            +---------+---------+-------+---------+---------+-------
      Total |    1828 |      41 |   2.2 |      93 |       1 |   1.1
            +---------+---------+-------+---------+---------+-------
        D:1 |      28 |       0 |   0.0 |      17 |       0 |   0.0
        D:2 |      27 |       0 |   0.0 |      10 |       0 |   0.0
        D:3 |      63 |       0 |   0.0 |      19 |       0 |   0.0
        D:4 |     260 |       0 |   0.0 |      10 |       0 |   0.0
        D:5 |     573 |       0 |   0.0 |      15 |       0 |   0.0
        D:6 |     733 |      41 |   5.3 |      17 |       1 |   5.6
        D:7 |     144 |       0 |   0.0 |       5 |       0 |   0.0
            +---------+---------+-------+---------+---------+-------
